 Dungeon Crawl Stone Soup version 0.30.0-29-ga12c61a403 (webtiles) character file.

Game seed: 4596200148051803947

113 Elmgren the Conjurer (level 4, -1/33 HPs)
             Began as a Draconian Conjurer on June 23, 2023.
             Succumbed to a kobold brigand's curare-tipped dart
             ... in a sewer.
             The game lasted 00:05:35 (3411 turns).

Elmgren the Conjurer (Draconian Conjurer)           Turns: 3411, Time: 00:05:36

Health: -1/33      AC:  9    Str:  9    XL:     4   Next: 65%
Magic:  6/9        EV: 12    Int: 20    God:
Gold:   118        SH:  0    Dex: 10    Spells: 7/10 levels left

rFire   . . .        r - +4 quarterstaff (chaos)
rCold   . . .        (shield currently unavailable)
rNeg    . . .        (body armour unavailable)
rPois   .            (helmet restricted)
rElec   .            q - +0 cloak
rCorr   .            f - +1 pair of gloves
SInv    .            b - +0 pair of boots
Will    .....        c - amulet of regeneration
Stlth   ++           (no ring)
HPRegen 1.05/turn    (no ring)
MPRegen 0.11/turn

%: no passive effects
@: lethally poisoned (-1 -> -7), slowed, very slow
A: AC +5, unfitting armour, cold-blooded
a: no special abilities


You were in a sewer.
You visited 1 branch of the dungeon, and saw 3 of its levels.
You also visited: Sewer.

You collected 118 gold pieces.

Inventory:

Hand Weapons
 e - a +0 short sword
 r - a +4 quarterstaff of chaos (weapon)
Armour
 b - a +0 pair of boots (worn)
 f - a +1 pair of gloves (worn)
 q - a +0 cloak (worn)
Jewellery
 c - an amulet of regeneration (around neck)
Scrolls
 g - a scroll of teleportation {unknown}
 o - a scroll of silence {unknown}
 p - a scroll of noise {unknown}
Potions
 a - 2 potions of magic
 h - a potion of might {unknown}
 i - a potion of haste {unknown}
 j - 2 potions of heal wounds {unknown}
 k - a potion of resistance {unknown}
 l - a potion of mutation {unknown}
 m - a potion of curing {unknown}
 n - 2 potions of attraction {unknown}


   Skills:
 - Level 1.7 Dodging
 - Level 1.7 Stealth
 + Level 3.5 Spellcasting
 + Level 5.1 Conjurations


You had 7 spell levels left.
You knew the following spells:

 Your Spells              Type           Power      Damage    Failure   Level
a - Magic Dart            Conj           96%        1d7       1%          1
b - Searing Ray           Conj           48%        2d6       2%          2

Your spell library contained the following spells:

 Spells                   Type           Power      Damage    Failure   Level
 Dazzling Flash           Conj/Hex       26%        N/A       14%         3
 Inner Flame              Hex/Fire       3%         N/A       38%         3
 Flame Wave               Conj/Fire      13%        2d6       43%         4
 Fulminant Prism          Conj/Hex       6%         3d7       43%         4
 Iskenderun's Mystic Bla  Conj/Tloc      13%        2d5       43%         4
 Sticky Flame             Conj/Fire      13%        2d4       43%         4


Dungeon Overview and Level Annotations

Branches:
Dungeon (3/15) Zot: 15026   Sewer (1/1) Zot: 5549

Altars:


Innate Abilities, Weirdness & Mutations

Your plain brown scales are hard. (AC +5)
You cannot fit into any form of body armour.
You are cold-blooded and may be slowed by cold attacks.


Message History

You finish channelling your searing ray.
You feel sick.
The kobold brigand hits you but does no damage.
The kobold brigand hits you with a +0 dagger.
You take 1 damage, and have 20/33 hp.
You now have 4/9 mp.
You feel sick.
You are no longer poisoned.
The kobold brigand hits you with a +0 dagger.
You take 3 damage, and have 17/33 hp.
The kobold brigand hits you with a +0 dagger.
* * * LOW HITPOINT WARNING * * *
The kobold brigand hits you with a +0 dagger.
* * * LOW HITPOINT WARNING * * *
You take 6 damage, and have 11/33 hp.
The kobold brigand hits you with a +0 dagger.
* * * LOW HITPOINT WARNING * * *
You take 2 damage, and have 9/33 hp.
The kobold brigand splashes around in the water.
The kobold brigand closely misses you.
You regained 2 hp, and now have 11/33 hp.
You feel yourself speed up.
You regained 2 hp, and now have 13/33 hp.
The kobold brigand attacks as you move away!
The kobold brigand hits you but does no damage.
The kobold brigand attacks as you move away!
The kobold brigand hits you but does no damage.
The kobold brigand throws a curare-tipped dart.
The curare-tipped dart hits you.
You are poisoned.
You have difficulty breathing.
* * * LOW HITPOINT WARNING * * *
You feel yourself slow down.
You take 6 damage, and have 8/33 hp.
* * * LOW HITPOINT WARNING * * *
You feel extremely sick.
You take 6 damage, and have 2/33 hp.
The kobold brigand attacks as you move away!
The kobold brigand hits you with a +0 dagger.
* * * LOW HITPOINT WARNING * * *
You die...

...#~#PP ≈≈≈≈≈≈≈≈≈
∩∩.PPPP# #######.≈≈≈≈≈≈≈
.....####~#?~~~~~~.~≈≈≈≈≈≈
###### #~########.~≈≈≈≈≈≈
~~~~~ #~. #.~.≈≈≈≈≈≈ #####
#~# ##.†~≈≈≈≈≈≈ ~### #~#
##K...≈≈≈≈≈≈ ~..## #~#
#..~~~≈≈≈≈≈≈ .~).#####~#
##~@~~≈≈≈≈≈≈≈
...~...##~####..~~~≈≈≈≈≈≈≈
~#~#..†)#~##~.~.~.~≈≈≈≈≈≈≈
~#~#.~~..~~..~~...########
~#~#~~~.~.~~.~~~.~P≈≈
~#~#~~..P~÷.~~....###
.#~#~~#~#~~.~.~~..≈≈
#######~#..~.~.~.~≈≈≈
#~#.~~.~.P.~≈≈≈


You could see a kobold brigand.

Vanquished Creatures
  Crazy Yiuf (D:2)
  A gnoll (D:1)
  2 adders (Sewer)
  5 ball pythons
  7 bats
  4 endoplasms (D:1)
  2 giant cockroaches (D:3)
  3 goblins (D:1)
  2 hobgoblins (D:2)
  4 jackals (Sewer)
  8 kobolds
  5 frilled lizards
  14 rats
58 creatures vanquished.

Notes
Turn   | Place    | Note
-------+----------+-------------------------------------------
     0 | D:1      | Elmgren the Draconian Conjurer began the quest for the Orb.
     0 | D:1      | Reached XP level 1. HP: 14/14 MP: 3/3
   237 | D:1      | Reached XP level 2. HP: 20/20 MP: 3/5
   999 | D:1      | Reached XP level 3. HP: 20/26 MP: 0/7
  2113 | D:2      | Learned a level 2 spell: Searing Ray
  2776 | D:2      | Found a runed translucent door.
  2777 | D:2      | Noticed Crazy Yiuf
  2784 | D:2      | Killed Crazy Yiuf
  2785 | D:2      | Reached XP level 4. HP: 21/33 MP: 2/8
  2897 | D:3      | Found a glowing drain.
  2973 | Sewer    | Entered a sewer
  2993 | Sewer    | Reached skill level 5 in Conjurations
  3393 | Sewer    | Noticed a kobold brigand
  3411 | Sewer    | HP: 1/33 [kobold brigand/+0 dagger (1)]
  3411 | Sewer    | Succumbed to a kobold brigand's curare-tipped dart

Illustrated notes

Levels and vault maps discovered:
D:1:      dpeg_arrival_subterranean_lakeside_camping, layout_basic,
          st_stairs_13, nicolae_concentric_dashed_squares_mild
D:2:      layout_basic, uniq_crazy_yiuf_cottage
D:3:      minmay_door_path, layout_basic, nicolae_uskayaw_dance_hall,
          portal_sewer_entry_c, serial_shops, shop, shop,
          nicolae_shop_overgrown_old_shop, shop_statue,
          minmay_misc_feat_encased, chequers_serial_rivers_micro_c,
          dreamdust_mushroom_princess
Sewer:    sewer_co_scattered_pipes

Skill      XL: |  1  2  3  4 |
---------------+-------------+-----
Spellcasting   | 3 |  3.5
Conjurations   | 5 |  5.1
Dodging        | |  1.7
Stealth        | |  1.7

Action                     |  1- 3 |  4- 6 || total
---------------------------+-------+-------++-------
  Melee: Unarmed           |     3 |       ||     3
         Short sword       |     7 |       ||     7
         Tailslap          |     2 |     1 ||     3
         Quarterstaff      |       |    13 ||    13
   Cast: Magic Dart        |    67 |    26 ||    93
         Searing Ray       |     2 |     1 ||     3
    Use: Scroll            |     1 |       ||     1
 Armour: Skin              |    19 |    26 ||    45
  Dodge: Dodged            |    44 |    36 ||    80
